 Dungeon Crawl Stone Soup version 0.17-a0-2208-ge5ab1d3 (webtiles) character file.

9 Duffy the Insei (level 2, 9/16 HPs)
             Began as a Vine Stalker Monk on Oct 27, 2015.
             Quit the game on level 1 of the Dungeon.
             The game lasted 00:00:27 (170 turns).

Duffy the Insei (Vine Stalker Monk)                  Turns: 170, Time: 00:00:28

Health: 9/16       AC:  2    Str: 13    XL:     2   Next: 12%
Magic:  1/3        EV: 13    Int: 10    God:
Gold:   27         SH:  0    Dex: 16    Spells: 0 memorised, 1 level left

rFire  . . .     SeeInvis .       - Unarmed
rCold  . . .     Clarity  .     a - +0 robe
rNeg   . . .     SustAt   .     (no shield)
rPois  .         Gourm    .     (no helmet)
rElec  .         Spirit   +     (no cloak)
rCorr  .         Warding  .     (no gloves)
rMut   .         Stasis   .     (no boots)
MR     .....                    (no amulet)
Stlth  ++........               (no ring)
                                g - -2 ring of slaying (curse)

@: not resistant to hostile enchantments, unstealthy
A: fangs 2, regeneration 1, magic shield, antimagic bite, no device heal 3, rot
immunity
a: no special abilities


You were on level 1 of the Dungeon.
You were not hungry.

You visited 1 branch of the dungeon, and saw 1 of its levels.

You collected 27 gold pieces.


Innate Abilities, Weirdness & Mutations

You have extremely sharp teeth.
Your natural rate of healing is unusually fast.
When hurt, damage is shared between your health and your magic reserves.
Your bite disrupts and absorbs the magic of your enemies.
Potions and wands cannot restore your health.
You are immune to rotting.


   Skills:
 - Level 2.6 Fighting
 - Level 2.4 Dodging
 - Level 2.4 Stealth
 + Level 4.4 Unarmed Combat


You had one spell level left.
You didn't know any spells.

Inventory:

Armour
 a - a +0 robe (worn)
Jewellery
 g - a cursed -2 ring of slaying (left hand)
Scrolls
 c - a scroll of identify {unknown}
 f - a scroll of remove curse {unknown}
Potions
 d - a potion of curing {unknown}
 e - a potion of mutation {unknown}
Comestibles
 b - a bread ration

Dungeon Overview and Level Annotations

Branches:
Dungeon (1/15)

Altars:


Message History

The kobold hits you with a dagger.
You completely miss the kobold. The kobold hits you but does no damage.
You miss the kobold. You bite the kobold. You drain its power.
The kobold is moderately wounded.
The kobold hits you with a dagger.
You hit the kobold. You punch the kobold.
You kill the kobold!
A kobold comes into view. It is wielding a short sword.
The kobold shouts!
The kobold barely misses you.
You barely miss the kobold. The kobold closely misses you.
You hit the kobold.
The kobold is heavily wounded.
The kobold hits you with a short sword.
You closely miss the kobold. You bite the kobold, but do no damage.
The kobold is heavily wounded.
The kobold hits you but does no damage.
You barely miss the kobold.
The kobold is heavily wounded.
You closely miss the kobold. You bite the kobold, but do no damage.
The kobold is heavily wounded.
The kobold hits you with a short sword!
You are too injured to fight recklessly!
You hit the kobold but do no damage.
The kobold is heavily wounded.
The kobold closely misses you.
You hit the kobold but do no damage.
The kobold is heavily wounded.
The kobold closely misses you.
You hit the kobold.
You kill the kobold!
Found a dagger.
You see here a short sword.
Found 13 stones.
Are you sure you want to abandon this character and quit the game? (Confirm with "yes".)

.. ## .. #( .. #) .# #.
.# # #. .# ###.##.#.#
.......@.# ........##
###.###.# # ### # ###)#
.# #^. #.#...## .# #.#
###......#####.###.#####
.........#.....##..†....
###....)...........#####
#.#......[.#####.#


There were no monsters in sight!

Action                   || total
-------------------------++-------
Melee: Unarmed           ||    25
 Stab: Sleeping          ||     2

Notes
Turn   | Place    | Note
--------------------------------------------------------------
     0 | D:1      | Duffy the Vine Stalker Monk began the quest for the Orb.
     0 | D:1      | Reached XP level 1. HP: 11/11 MP: 2/2
   150 | D:1      | Reached XP level 2. HP: 16/16 MP: 3/3
   170 | D:1      | Quit the game

Vault maps used:
D:1:      evilmike_arrival_home_sweet_home

Vanquished Creatures
  A giant cockroach
  A goblin
  A hobgoblin
  2 kobolds
  A ball python
  A bat
  2 rats
9 creatures vanquished.
